Map: Goldenaura LE

Players

Miszu

  • Race: Terran Terran
  • League: Grandmaster
  • Spawn Location: 12:00

IlIlIlIlIlIl - Winner!

  • Race: Protoss Protoss
  • League: Master
  • Spawn Location: 5:00

VOD

Have the link to the VOD?

Description

Strange's Sentry First PvT (1)

Time

  • Played on: March 2, 2024, 7:54 a.m.
  • Length: 9:07
Show
View Real Time Build Order
Export as new Build Order

Miszu Terran 

Build Orders:  

Get SALT Encoding   

  12  0:00  SCV  
  13  0:12  SCV  
  14  0:17  Supply Depot  
  14  0:24  SCV  
  15  0:38  SCV  
  15  0:40  Barracks  
  16  0:44  Refinery  
  16  0:51  SCV  
  17  1:03  SCV  
  18  1:15  SCV  
  19  1:27  Orbital Command  
  19  1:28  Marine  
  20  1:39  Command Center  
  20  1:46  Barracks Reactor  
  20  1:50  Supply Depot  
  20  1:52  SCV  
  21  2:02  Barracks  
  21  2:04  SCV  
  22  2:12  Barracks  
  22  2:17  SCV  
  22  2:20  Refinery  
  23  2:24  Marine x2  
  23  2:29  SCV  
  26  2:41  SCV  
  26  2:42  Marine x2  
  29  2:50  Bunker  
  29  2:51  Barracks Tech Lab, Orbital Command  
  29  2:54  SCV  
  30  2:59  Barracks Tech Lab  
  30  3:00  Marine x2  
  32  3:06  SCV  
  32  3:10  Marine  
  32  3:12  Stimpack  
  34  3:16  SCV  
  34  3:18  SCV, Marine  
  37  3:23  Supply Depot  
  37  3:26  Combat Shield  
  37  3:28  SCV  
  37  3:33  SCV  
  39  3:37  Marauder  
  39  3:38  Marauder  
  39  3:40  SCV  
  44  3:43  Marine  
  44  3:44  Marine  
  44  3:45  SCV  
  44  3:47  Supply Depot  
  47  3:53  SCV  
  48  3:57  SCV  
  48  3:59  Marauder  
  48  4:00  Marauder  
  48  4:01  Marine  
  54  4:09  SCV x2, Marine  
  57  4:12  Supply Depot  
  57  4:14  Supply Depot  
  57  4:21  Marauder  
  57  4:22  Factory  
  59  4:28  SCV x2  
  61  4:34  Marauder  
  61  4:37  Supply Depot  
  63  4:39  Marine x2  
  63  4:40  SCV x2  
  63  4:44  Refinery, Marauder  
  63  4:45  Concussive Shells  
  69  4:51  Refinery  
  69  4:52  SCV x2  
  71  4:56  Marauder  
  71  4:57  Engineering Bay  
  73  5:02  Marine x2  
  73  5:05  Marauder  
  70  5:19  Marauder, Marine x2  
  70  5:20  Starport, Factory Reactor  
  62  5:22  SCV  
  62  5:23  SCV  
  62  5:25  Terran Infantry Weapons Level 1  
  62  5:26  Marauder  
  66  5:34  SCV  
  67  5:41  Marauder  
  69  5:43  SCV, Marine x2  
  69  5:46  SCV  
  69  5:48  Marauder  
  75  5:50  Command Center  
  75  5:59  Barracks  
  75  6:00  Barracks  
  75  6:03  Medivac x2  
  79  6:04  Marauder  
  79  6:05  Factory Reactor  
  79  6:07  Marine x2  
  83  6:12  SCV x2  
  83  6:16  Supply Depot  
  83  6:17  Supply Depot  
  85  6:18  Supply Depot  
  85  6:30  Marine  
  85  6:32  Marine  
  86  6:37  Medivac x2  
  86  6:38  Marauder x2  
  94  6:44  Widow Mine x2  
  98  6:47  Barracks Tech Lab, Barracks Reactor  
  98  6:48  Ghost Academy  
  98  6:52  Marine x2  
  100  6:59  Marauder x2  
  104  7:02  Orbital Command  
  104  7:07  Viking x2, Widow Mine x2  
  112  7:17  Marauder  
  112  7:19  Marine x2  
  112  7:21  SCV x2, Marauder  
  120  7:25  Supply Depot  
  120  7:26  Orbital Command  
  120  7:27  Supply Depot  
  120  7:35  Ghost  
  122  7:37  Viking  
  122  7:38  Marine  
  125  7:46  Viking, SCV x2  
  125  7:47  Supply Depot  
  125  7:49  Supply Depot  
  129  7:51  SCV  
  130  7:58  SCV x2  
  130  7:59  Ghost x2  
  130  8:00  Marine x2  
  130  8:01  Marine x2  
  140  8:07  Supply Depot  
  140  8:08  SCV  
  140  8:10  SCV, Supply Depot  
  140  8:12  Bunker, Supply Depot  
  142  8:17  Viking, Supply Depot  
  142  8:19  Viking  
  146  8:21  SCV  
  146  8:22  SCV  
  149  8:27  SCV, Armory  
  149  8:32  Marauder x2  
  149  8:33  SCV, Marine x2  
  156  8:35  SCV  
Show
View Real Time Build Order
Export as new Build Order

IlIlIlIlIlIl Protoss - Winner!

Build Orders: 1 Gate Expand, Double Forge, Colossus Rush 

Get SALT Encoding   

  12  0:00  Probe  
  13  0:12  Probe  
  14  0:17  Pylon  
  14  0:24  Probe (Chrono Boost)  
  16  0:36  Gateway  
  16  0:37  Probe (Chrono Boost)  
  16  0:42  Probe (Chrono Boost)  
  16  0:45  Assimilator  
  17  0:51  Probe  
  18  1:03  Probe  
  19  1:15  Probe  
  20  1:23  Cybernetics Core  
  20  1:32  Nexus  
  20  1:39  Pylon  
  20  1:42  Probe  
  21  1:47  Assimilator  
  21  1:54  Probe  
  21  1:59  Sentry (Chrono Boost)  
  24  2:05  Shield Battery  
  24  2:06  Probe  
  25  2:11  Warp Gate  
  25  2:15  Stalker (Chrono Boost)  
  25  2:18  Probe  
  25  2:22  Phoenix  
  28  2:28  Shield Battery  
  28  2:30  Probe  
  29  2:37  Robotics Facility  
  30  2:44  Probe (Chrono Boost)  
  30  2:48  Probe (Chrono Boost)  
  31  2:54  Probe (Chrono Boost)  
  31  2:57  Probe (Chrono Boost)  
  33  2:59  Probe (Chrono Boost)  
  33  3:03  Gateway  
  34  3:07  Probe  
  34  3:11  Probe  
  36  3:16  Pylon  
  36  3:19  Probe  
  37  3:23  Probe  
  38  3:31  Probe  
  38  3:32  Observer (Chrono Boost)  
  38  3:33  Assimilator  
  40  3:35  Probe, Assimilator  
  40  3:37  Robotics Bay  
  41  3:43  Probe, Observer  
  41  3:47  Probe  
  44  3:55  Probe  
  45  3:57  Forge x2  
  45  3:59  Probe  
  46  4:05  Immortal (Chrono Boost)  
  46  4:07  Probe  
  51  4:11  Probe  
  51  4:14  Pylon  
  52  4:17  Observer  
  52  4:19  Probe  
  52  4:23  Probe  
  54  4:32  Colossus (Chrono Boost)  
  54  4:36  Protoss Ground Armor Level 1, Protoss Ground Weapons Level 1  
  60  4:42  Pylon  
  60  4:43  Sentry  
  62  4:46  Pylon  
  62  5:03  Zealot  
  64  5:09  Observer  
  64  5:10  Colossus (Chrono Boost)  
  68  5:14  Zealot  
  66  5:22  Probe  
  67  5:32  Twilight Council  
  67  5:33  Nexus  
  67  5:34  Pylon  
  67  5:39  Probe, Extended Thermal Lance  
  68  5:44  Shield Battery, Observer  
  68  5:49  Probe  
  69  5:51  Probe  
  69  5:55  Pylon  
  70  6:00  Sentry, Colossus (Chrono Boost)  
  70  6:01  Zealot  
  70  6:02  Probe, Shield Battery  
  81  6:05  Probe  
  81  6:11  Charge  
  82  6:14  Probe  
  82  6:17  Probe  
  84  6:23  Gateway x2  
  84  6:26  Probe, Observer  
  84  6:28  Sentry  
  84  6:29  Zealot  
  84  6:30  Probe  
  90  6:38  Probe  
  90  6:39  Protoss Ground Armor Level 2 (Chrono Boost), Protoss Ground Weapons Level 2 (Chrono Boost)  
  91  6:42  Probe  
  91  6:46  Probe  
  93  6:50  Probe  
  93  6:52  Immortal  
  93  6:54  Probe  
  99  6:59  Probe  
  99  7:00  Gateway  
  100  7:02  Gateway  
  100  7:09  Stalker x2  
  100  7:13  Pylon  
  104  7:23  Gateway  
  104  7:25  Pylon  
  104  7:26  Gateway  
  104  7:27  Pylon  
  104  7:31  Gateway  
  104  7:32  Gateway  
  104  7:36  Warp Prism (Chrono Boost)  
  106  7:37  Templar Archives  
  106  7:44  Zealot x2  
  106  7:45  Zealot  
  106  7:46  Zealot  
  114  7:57  Zealot x2  
  118  8:01  Pylon x2  
  118  8:05  Stalker x2  
  122  8:06  Stalker  
  124  8:16  Pylon  
  124  8:20  Pylon  
  124  8:25  Zealot x5  
  134  8:33  Zealot x2, High Templar x2  
  142  8:38  Archon  
  142  8:49  Zealot x5  
  142  8:55  Zealot x3  
Tags
 
Add a new tag
Caveats
  • Supply blocks, unpowered buildings, or Contaminate may cause inaccurate times.
  • Supply counts are checked every 10 seconds.